 Dungeon Crawl Stone Soup version 0.29-a0-925-g0a7a3d12f8 (webtiles) character file.

Game seed: 4415937848237717258

14 mcwallace the Chiller (level 2, -1/14 HPs)
             Began as a Vine Stalker Ice Elementalist on July 28, 2022.
             Succumbed to a kobold's poison
             ... on level 2 of the Dungeon.
             The game lasted 00:01:30 (1012 turns).

mcwallace the Chiller (VSIE)                        Turns: 1012, Time: 00:01:30

Health: -1/14      AC:  3    Str: 10    XL:     2   Next: 45%
Magic:  6/6        EV: 12    Int: 15    God:
Gold:   101        SH:  0    Dex: 14    Spells: 4/5 levels left

rFire   . . .      SeeInvis .   c - +0 rapier {short}
rCold   . . .      Faith    .   (no shield)
rNeg    . . .      Spirit   +   a - +0 robe
rPois   .          Reflect  .   k - +0 helmet
rElec   .          Harm     .   (no cloak)
rCorr   .          Rampage  .   (no gloves)
Will    .....                   (no boots)
Stlth   ++........              (no amulet)
HPRegen 0.04/turn               (no ring)
MPRegen 0.10/turn               (no ring)

@: lethally poisoned (-1 -> -14)
A: fangs 2, magic shield, antimagic bite, no potion heal 2
a: no special abilities


You were on level 2 of the Dungeon.
You visited 1 branch of the dungeon, and saw 2 of its levels.

You collected 101 gold pieces.


Innate Abilities, Weirdness & Mutations

You have extremely sharp teeth.
When hurt, damage is shared between your health and your magic reserves.
Your bite disrupts and absorbs the magic of your enemies.
Potions cannot restore your health.


   Skills:
 + Level 0.5 Fighting
 + Level 1.7 Dodging
 + Level 2.8 Stealth
 + Level 2.4 Spellcasting
 + Level 4.1 Ice Magic


You had 4 spell levels left.
You knew the following spells:

 Your Spells              Type           Power      Damage    Failure   Level
a - Freeze                Ice            56%        1d7       4%          1

Your spell library contained the following spells:

 Spells                   Type           Power      Damage    Failure   Level
 Frozen Ramparts          Ice            28%        1d4       12%         3
 Ozocubu's Armour         Ice            14%        N/A       12%         3
 Hailstorm                Conj/Ice       7%         3d4       67%         4

Inventory:

Hand Weapons
 c - a +0 rapier (weapon) {short}
   (You found it on level 1 of the Dungeon)
 f - a +0 dagger of draining {short}
   (You took it off a goblin on level 1 of the Dungeon)
Missiles
 h - 10 stones {throwing}
 j - 3 poisoned darts {throwing}
Armour
 a - a +0 robe (worn)
 k - a +0 helmet (worn)
   (You found it on level 1 of the Dungeon)
 n - a +0 scale mail
   (You found it on level 1 of the Dungeon)
Scrolls
 d - 7 scrolls of identify {unknown}
 e - a scroll of enchant weapon {unknown}
 l - a scroll of teleportation {unknown}
 q - a scroll of amnesia {unknown}
Potions
 g - a potion of curing {unknown}
 i - a potion of brilliance {unknown}
 m - a potion of lignification {unknown}
 o - 2 potions of berserk rage {unknown}
 p - a potion of heal wounds {unknown}

Dungeon Overview and Level Annotations

Branches:
Dungeon (2/15) Zot: 10984

Altars:

.......#.# ....#....#
### #..##..#.# #..
.......#.# #.#
#........####.#
...........##.# .
.....#...####.# .<.
............#.#####..##.
..).............@)......
........##..#...........
...†..####..#.####..[..#
......####..#.# .....#
..............######...#
..............#...# ...#
#.....###.....#...# ..#
#.#.#.###.###.#...+ ..
....#.........#...#


There were no monsters in sight!


Message History

You barely miss the rat. The rat barely misses you.
You hit the rat.
You kill the rat!
The hobgoblin shouts!
Unknown command.
You closely miss the hobgoblin. The hobgoblin barely misses you.
A goblin comes into view. It is wielding a +0 club.
You barely miss the hobgoblin. The hobgoblin misses you.
The goblin shouts!
You hit the hobgoblin.
The hobgoblin hits you but does no damage.
You hit the hobgoblin.
You kill the hobgoblin!
You see here a hobgoblin corpse.
The goblin hits you with a +0 club. 😕 HP[-1] MP[-1]
You take 1 damage, and now have 13/14 hp.
You lost 1 mp, and now have 5/6 mp.
You closely miss the goblin. Your bite misses the goblin.
The goblin hits you with a +0 club. x2 😮 HP[-3] MP[-1]
You take 3 damage, and now have 10/14 hp.
MASSIVE DAMAGE!! (PAUSE)
You lost 1 mp, and now have 4/6 mp.
You are too injured to fight recklessly!
You are too injured to fight recklessly!
Aiming: Freeze (safe; 4% risk of failure)
Press: ? - help, Q - select action, (/) - cycle Shift-Dir - straight line, f - goblin
Aim: a goblin, wielding a +0 club You freeze the goblin.
You kill the goblin! 😮 MP[-1]
You lost 1 mp, and now have 3/6 mp.
A quokka comes into view. 😕 HP[+3] MP[+3]
You regained 3 hp, and now have 13/14 hp.
Your mp is fully restored (6).
Unknown command.
A quokka is nearby!
The quokka misses you.
You hit the quokka but do no damage. You bite the quokka, but do no damage.
The quokka barely misses you.
Aiming: Freeze (safe; 4% risk of failure)
Press: ? - help, Q - select action, (/) - cycle Shift-Dir - straight line, f - quokka
Aim: a quokka You freeze the quokka.
The quokka misses you. 😕 MP[-1]
You lost 1 mp, and now have 5/6 mp.
Aiming: Freeze (safe; 4% risk of failure)
Press: ? - help, Q - select action, (/) - cycle Shift-Dir - straight line, f/p - quokka
Aim: a quokka (moderately wounded)
You freeze the quokka.
You kill the quokka! 😕 MP[-1]
You lost 1 mp, and now have 4/6 mp.
Things that are here:
a +0 club {mace}; a goblin corpse You now have 101 gold pieces (gained 4).
p - a grey potion 😎 HP[+1] MP[+2]
Your hp is fully restored (14).
Your mp is fully restored (6).
q - a scroll labelled VASMOD EP HEI A kobold comes into view.
It is wielding a +2 whip of venom.
A kobold is nearby!
The kobold shouts!
The kobold throws a stone.
The stone barely misses you.
The kobold throws a stone.
The stone hits you. 😕 HP[-1]
You take 1 damage, and now have 13/14 hp.
Found a stone staircase leading up.
The kobold hits you with a +2 whip of venom.
You are lethally poisoned! 😕 HP[-1]
You take 1 damage, and now have 12/14 hp.
Aiming: Freeze (safe; 4% risk of failure)
Press: ? - help, Q - select action, (/) - cycle Shift-Dir - straight line, f - kobold
Aim: a kobold, wielding a +2 whip of venom and quivering stones You freeze the kobold.
You feel very sick.
The kobold hits you with a +2 whip of venom!
* * * LOW HITPOINT WARNING * * *
You are more poisoned. 😨 HP[-7] MP[-4]
You take 7 damage, and now have 5/14 hp.
MASSIVE DAMAGE!! (PAUSE)
You lost 4 mp, and now have 2/6 mp.
Aiming: Freeze (safe; 4% risk of failure)
Press: ? - help, Q - select action, (/) - cycle Shift-Dir - straight line, f/p - kobold
Aim: a kobold, wielding a +2 whip of venom and quivering stones (moderately wounded)
You freeze the kobold!
You kill the kobold!
* * * LOW HITPOINT WARNING * * *
You feel very sick. 😱 HP[-4] MP[-1]
You take 4 damage, and now have 1/14 hp.
MASSIVE DAMAGE!! (PAUSE)
You lost 1 mp, and now have 1/6 mp.
Magic courses through your body.
You die...

Action                   || total
-------------------------++-------
Melee: Rapier            ||    17
       Bite              ||     2
 Cast: Freeze            ||     9
  Use: Potion            ||     1
 Stab: Sleeping          ||     2
Armor: Robe              ||     2
Dodge: Dodged            ||    14

Levels and vault maps discovered:
D:1:      lightli_arrival_chessboard, layout_loops_ring
D:2:      layout_basic

Notes
Turn   | Place    | Note
-------+----------+-------------------------------------------
     0 | D:1      | mcwallace the Vine Stalker Ice Elementalist began the quest
                  | for the Orb.
     0 | D:1      | Reached XP level 1. HP: 9/9 MP: 4/4
     0 | D:1      | magus.rc [v1.9.6]
   281 | D:1      | You fall into a shaft and drop 1 floor!
   540 | D:1      | Reached XP level 2. HP: 14/14 MP: 4/6
  1011 | D:2      | HP: 1/14 [poisoned by a kobold]
  1012 | D:2      | Succumbed to a kobold's poison

Vanquished Creatures
  3 goblins
  A hobgoblin (D:2)
  3 kobolds
  A quokka (D:2)
  2 ball pythons (D:1)
  A frilled lizard (D:1)
  A rat (D:2)
12 creatures vanquished.

Table legend:
 A = Non-vault XP
 B = Vault XP
 C = Vault XP percentage of total XP
 D = Non-vault monster count
 E = Vault monster count
 F = Vault count percentage of total count
                 A         B        C        D         E       F
            +---------+---------+-------+---------+---------+-------
      Total |      21 |       0 |   0.0 |      12 |       0 |   0.0
            +---------+---------+-------+---------+---------+-------
        D:1 |      10 |       0 |   0.0 |       6 |       0 |   0.0
        D:2 |      11 |       0 |   0.0 |       6 |       0 |   0.0
            +---------+---------+-------+---------+---------+-------

Illustrated notes

Table legend:
 A = Kills in this place as a percentage of kills in entire the game.
 B = Kills by you in this place as a percentage of kills by you in the entire game.
 C = Kills by friends in this place as a percentage of kills by friends in the entire game.
 D = Other kills in this place as a percentage of other kills in the entire game.
 E = Experience gained in this place as a percentage of experience gained in the entire game.
 F = Experience gained in this place divided by the number of levels of this place that you have seen.
                   A       B       C       D       E      F
               +-------+-------+-------+-------+-------+----------------------
         Total | 100.0 | 100.0 |   N/A |   N/A | 100.0 |  10.5
       Dungeon | 100.0 | 100.0 |   N/A |   N/A | 100.0 |  10.5
               +-------+-------+-------+-------+-------+----------------------

Table legend: (Time is in decaauts)
 A = Elapsed time spent in this place.
 B = Non-inter-level travel time spent in this place.
 C = Inter-level travel time spent in this place.
 D = Time resting spent in this place.
 E = Time spent auto-exploring this place.
 F = Levels seen in this place.
 G = Mean time per level.
                   A        B        C        D        E       F      G
               +--------+--------+--------+--------+--------+-----+--------+
         Total |   1015 |    990 |     25 |      0 |    886 |   2 |  507.5 |
       Dungeon |   1015 |    990 |     25 |      0 |    886 |   2 |  507.5 |
               +--------+--------+--------+--------+--------+-----+--------+

Top non-repeatable levels by time:
     D:1: 829 daAuts
     D:2: 186 daAuts
